Map: Year Zero LE

Players

Smileblind

  • Race: Protoss Protoss
  • Spawn Location: 11:00

VOD

Have the link to the VOD?

Description

Time

  • Played on: Jan. 27, 2019, 7:47 p.m.
  • Length: 32:00
Show
View Real Time Build Order
Export as new Build Order

Smileblind Protoss 

Build Orders:  

Get SALT Encoding   

  12  0:06  Probe (Chrono Boost)  
  13  0:22  Probe (Chrono Boost)  
  14  0:34  Pylon  
  14  0:38  Probe (Chrono Boost)  
  15  0:56  Probe (Chrono Boost)  
  16  1:09  Gateway, Probe (Chrono Boost)  
  17  1:26  Probe (Chrono Boost)  
  18  1:30  Assimilator  
  18  1:40  Assimilator  
  18  1:42  Probe (Chrono Boost)  
  18  1:49  Pylon  
  19  1:59  Probe (Chrono Boost)  
  20  2:08  Gateway  
  20  2:16  Probe (Chrono Boost)  
  21  2:22  Cybernetics Core  
  21  2:32  Zealot  
  24  2:41  Probe (Chrono Boost)  
  24  2:58  Probe (Chrono Boost)  
  25  3:00  Pylon  
  25  3:19  Stalker x2  
  29  3:53  Nexus  
  29  3:59  Probe (Chrono Boost)  
  30  4:16  Probe (Chrono Boost)  
  31  4:30  Warp Gate  
  31  4:33  Probe (Chrono Boost)  
  32  4:42  Gateway  
  32  4:49  Gateway  
  33  4:50  Probe (Chrono Boost)  
  33  4:56  Gateway  
  33  5:13  Probe (Chrono Boost)  
  33  5:16  Pylon  
  34  5:20  Protoss Air Weapons Level 1  
  34  5:24  Probe (Chrono Boost)  
  35  5:37  Probe (Chrono Boost)  
  35  5:38  Shield Battery  
  36  5:45  Shield Battery  
  36  5:48  Probe (Chrono Boost)  
  37  5:56  Assimilator  
  37  6:04  Assimilator  
  37  6:06  Probe (Chrono Boost)  
  39  6:10  Probe (Chrono Boost)  
  39  6:18  Probe (Chrono Boost)  
  39  6:27  Probe (Chrono Boost)  
  39  6:28  Stargate  
  41  6:31  Probe (Chrono Boost)  
  41  6:35  Stargate  
  42  6:44  Probe (Chrono Boost)  
  42  6:48  Probe (Chrono Boost)  
  45  7:01  Probe (Chrono Boost)  
  45  7:02  Stalker  
  45  7:05  Probe (Chrono Boost)  
  45  7:06  Stalker  
  50  7:18  Probe (Chrono Boost)  
  52  7:22  Probe (Chrono Boost)  
  52  7:23  Pylon  
  52  7:35  Probe (Chrono Boost)  
  52  7:37  Void Ray  
  53  7:53  Fleet Beacon  
  58  8:02  Probe (Chrono Boost)  
  58  8:11  Forge  
  58  8:15  Shield Battery  
  58  8:18  Probe (Chrono Boost)  
  59  8:20  Stalker  
  59  8:21  Stalker  
  66  8:31  Oracle  
  66  8:49  Pylon  
  66  8:51  Pylon, Void Ray  
  70  9:09  Protoss Air Weapons Level 2  
  70  9:10  Robotics Facility  
  70  9:23  Pylon, Carrier  
  70  9:24  Pylon  
  70  9:32  Photon Cannon  
  70  9:48  Pylon  
  70  9:56  Carrier  
  87  10:53  Carrier  
  87  11:02  Stalker x2  
  87  11:05  Stalker  
  93  11:14  Warp Prism  
  95  11:29  Stargate  
  101  11:49  Twilight Council  
  101  12:09  Carrier  
  101  12:21  Unknown  
  107  12:46  Carrier  
  107  12:51  Pylon  
  107  12:54  Pylon  
  107  13:00  Pylon  
  107  13:03  Pylon  
  107  13:16  Tempest  
  118  13:26  Nexus  
  118  13:29  Pylon  
  118  13:31  Pylon  
  118  13:32  Pylon  
  118  13:37  Pylon  
  118  13:39  Carrier  
  118  14:07  Gateway  
  124  14:14  Gateway  
  124  14:22  Gateway  
  124  14:33  Gateway  
  124  14:41  Dark Shrine  
  124  14:49  Shield Battery  
  124  14:53  Shield Battery  
  124  15:02  Shield Battery  
  124  15:10  Assimilator, Probe (Chrono Boost)  
  125  15:21  Probe (Chrono Boost)  
  126  15:33  Assimilator, Probe (Chrono Boost)  
  127  15:42  Carrier  
  127  15:46  Stalker x2  
  132  15:50  Probe (Chrono Boost)  
  132  16:07  Probe (Chrono Boost)  
  133  16:12  Protoss Air Weapons Level 3  
  139  16:24  Probe (Chrono Boost)  
  140  16:45  Gateway  
  140  16:46  Gateway  
  140  16:51  Dark Templar  
  140  16:55  Dark Templar  
  140  16:58  Charge  
  144  17:11  Dark Templar  
  144  17:12  Dark Templar  
  144  17:36  Sentry x2  
  148  17:49  Carrier  
  132  17:50  Carrier  
  120  18:18  Probe (Chrono Boost)  
  133  18:33  Probe (Chrono Boost)  
  134  18:44  Probe (Chrono Boost)  
  134  18:46  Dark Templar  
  134  18:47  Dark Templar  
  134  18:49  Dark Templar  
  141  18:55  Probe (Chrono Boost)  
  142  19:12  Probe (Chrono Boost)  
  143  19:26  Carrier  
  143  19:29  Probe (Chrono Boost)  
  144  19:31  Carrier x2  
  109  20:29  Zealot  
  111  20:30  Zealot  
  113  20:43  Probe (Chrono Boost)  
  113  20:46  Carrier  
  114  20:54  Probe (Chrono Boost)  
  115  21:02  Stargate  
  115  21:05  Stargate  
  115  21:07  Protoss Air Armor Level 1, Probe (Chrono Boost)  
  116  21:21  Carrier  
  116  21:24  Probe (Chrono Boost)  
  123  21:34  Warp Prism  
  126  21:41  Probe (Chrono Boost)  
  132  22:00  Shield Battery  
  132  22:01  Shield Battery  
  132  22:08  Shield Battery  
  132  22:11  Pylon  
  126  22:43  Nexus  
  126  22:44  Unknown  
  126  22:48  Pylon  
  126  22:53  Pylon  
  126  22:57  Void Ray  
  130  23:00  Carrier  
  136  23:49  Gateway  
  136  23:51  Gateway, Zealot  
  136  23:53  Zealot  
  136  23:55  Probe (Chrono Boost)  
  141  24:08  Carrier  
  141  24:47  Observer  
  142  25:02  Carrier x2  
  142  25:03  Carrier  
  152  25:47  Dark Templar  
  154  26:03  Carrier  
  132  26:39  Oracle  
  137  26:50  Probe (Chrono Boost)  
  139  27:01  Probe x2 (Chrono Boost)  
  140  27:14  Probe x2 (Chrono Boost)  
  142  27:25  Probe (Chrono Boost)  
  144  27:31  Probe (Chrono Boost)  
  144  27:43  Shield Battery  
  144  27:54  Probe (Chrono Boost)  
  145  28:06  Probe (Chrono Boost)  
  146  28:17  Probe (Chrono Boost)  
  147  28:31  Probe (Chrono Boost)  
  143  29:20  Observer  
  138  29:45  Observer  
  138  29:49  Probe (Chrono Boost)  
  140  30:01  Probe (Chrono Boost)  
  141  30:14  Probe (Chrono Boost)  
  140  30:31  Probe (Chrono Boost)  
  140  30:48  Probe (Chrono Boost)  
  165  31:05  Probe (Chrono Boost)  
  170  31:22  Probe (Chrono Boost)  
Tags
 
Add a new tag
Caveats
  • Supply blocks, unpowered buildings, or Contaminate may cause inaccurate times.
  • Supply counts are checked every 10 seconds.